 Dungeon Crawl Stone Soup version 0.22-a0-858-g985ef60 (webtiles) character file.

5645 prawnwizard the Impaler (level 10, 0/74 HPs)
             Began as a Merfolk Monk on July 27, 2018.
             Was an Elder of Hepliaklqana.
             Slain by a yak (3 damage)
             ... on level 9 of the Dungeon.
             The game lasted 00:16:23 (10583 turns).

prawnwizard the Impaler (Merfolk Monk)             Turns: 10583, Time: 00:16:23

Health: 0/74       AC: 13    Str: 14    XL:     10   Next: 74%
Magic:  10/10      EV:  2    Int: 10    God:    Hepliaklqana [****..]
Gold:   650        SH:  0    Dex: 17    Spells: 9/9 levels left

rFire    . . .     SeeInvis .   a - +1 spear
rCold    . . .     Gourm    .   (no shield)
rNeg     + + +     Faith    .   f - +0 ring mail
rPois    ∞         Spirit   .   A - +2 helmet "Keluot" {-Tele rElec rPois}
rElec    +         Reflect  +   (no cloak)
rCorr    +         Harm     .   L - +1 pair of gloves
MR       .....     NoTele   +   O - +2 pair of boots
Stlth    ++........             k - +4 amulet of reflection
HPRegen  0.22/turn              (no ring)
MPRegen  0.12/turn              C - ring of resist corrosion

@: petrified
A: change form in water, swift swim, stealthy swim, reduced essence
a: Recall Ancestor, Ancestor Identity, Transference, Idealise, Renounce Religion


You were on level 9 of the Dungeon.
You worshipped Hepliaklqana.
Hepliaklqana was greatly pleased with you.
You were not hungry.

You visited 2 branches of the dungeon, and saw 10 of its levels.
You also visited: Ossuary.

You collected 650 gold pieces.

Inventory:

Hand Weapons
 a - a +1 spear (weapon)
Armour
 f - a +0 ring mail (worn)
 A - the +2 helmet "Keluot" (worn) {-Tele rElec rPois}
   (You found it on level 5 of the Dungeon)

   It insulates you from electricity.
   It protects you from poison.
   It prevents most forms of teleportation.
 L - a +1 pair of gloves (worn)
 N - a +0 pair of boots
 O - a +2 pair of boots (worn)
Jewellery
 i - a +5 ring of intelligence
 k - a +4 amulet of reflection (around neck)
 m - an uncursed ring of protection from cold
 p - an uncursed amulet of guardian spirit {unknown}
 B - an uncursed ring of see invisible
 C - a ring of resist corrosion (right hand)
Wands
 e - a wand of random effects (17)
 g - a wand of flame (13)
 o - a wand of digging (20)
 F - a wand of acid (10)
Scrolls
 d - 2 scrolls of remove curse
 h - 8 scrolls of identify
 j - 2 scrolls of enchant armour
 r - 3 scrolls of teleportation {unknown}
 s - a scroll of noise {unknown}
 u - 2 scrolls of enchant weapon
 v - 2 scrolls of fog {unknown}
 w - 3 scrolls of magic mapping {unknown}
 x - a scroll of fear {unknown}
 y - a scroll of immolation {unknown}
 D - 3 scrolls of random uselessness {unknown}
 E - 2 scrolls of amnesia {unknown}
 I - a scroll of holy word {unknown}
 J - a scroll of blinking {unknown}
Potions
 l - a potion of might {unknown}
 n - 2 potions of flight {unknown}
 q - 6 potions of haste {unknown}
 t - a potion of ambrosia {unknown}
 z - 2 potions of lignification {unknown}
 G - 4 potions of curing {unknown}
 H - a potion of agility {unknown}
 K - 2 potions of mutation {unknown}
 M - a potion of degeneration {unknown}
Comestibles
 b - 16 chunks of flesh
 c - 14 rations


   Skills:
 + Level 9.3 Fighting
 * Level 15.4 Polearms
 + Level 10.9 Dodging
 - Level 2.1 Stealth


You had 9 spell levels left.
You didn't know any spells.
Your spell library contained the following spells:

 Spells                   Type           Power        Failure   Level  Hunger
 Spider Form              Tmut/Pois      #.........   93%         3    ####...
 Blade Hands              Tmut           #.........   100%        5    ######.
 Ice Form                 Ice/Tmut       #.......     100%        4    #####..
 Sticks to Snakes         Tmut           #.......     75%         2    ###....
 Beastly Appendage        Tmut           #.....       61%         1    ##.....


Dungeon Overview and Level Annotations

Branches:
Dungeon (9/15)             Temple (1/1) D:5
   Lair: D:8-11         Orc: D:9-12

Altars:
Ashenzari
Cheibriados
Dithmenos
Elyvilon
Fedhas
Gozag
Hepliaklqana
Kikubaaqudgha
Makhleb
Nemelex Xobeh
Okawaru
Qazlal
Ru
Sif Muna
Trog
Uskayaw
Vehumet
Wu Jian
Yredelemnul
Zin
The Shining One
Beogh

Annotations:
D:5 1 runed door, Marrow's ghost, novice DsFE
D:6 2 transporters, badtown's ghost, novice TrWz


Message History

* * * LOW HITPOINT WARNING * * *
The yak gores you.
* * * LOW HITPOINT WARNING * * *
The basilisk gazes at you. The yak gores you but does no damage.
The yak gores you.
* * * LOW HITPOINT WARNING * * *
The iguana bites you but does no damage.
The basilisk bites you!
* * * LOW HITPOINT WARNING * * *
The basilisk bites you but does no damage.
The yak gores you!
* * * LOW HITPOINT WARNING * * *
The yak gores you.
* * * LOW HITPOINT WARNING * * *
The iguana bites you but does no damage.
The basilisk gazes at you. x2
You resist with some effort. The yak gores you but does no damage.
The yak gores you!
You die...

#..###.#.#..<...........
###.....................#.
#..........#.#####.###..#
######.....#... ..# ....
#.....#.#####.# .#.
#.............###...
#..................
#........lY.†...P..
######)..@Y.....P..
#..†ll.....P..
#..............P.
#.....#..........
#.....#.........♣
#.....#......♣P.P
#######.........P
######.PP.P .P..


You could see 2 yaks, 2 basilisks and an iguana.

Vanquished Creatures
  Joseph (D:7)
  A hornet (D:8)
  2 hippogriffs
  3 yaks
  A human (D:6)
  2 hogs (D:7)
  A porcupine (D:9)
  2 orc warriors (D:8)
  2 ice beasts
  3 ogres
  A necrophage (D:7)
  2 centaurs
  2 bullfrogs
  A water moccasin zombie (D:7)
  A scorpion (D:8)
  A howler monkey (D:5)
  3 crimson imps
  2 hounds
  4 orc priests
  2 bullfrog skeletons (D:8)
  2 worker ants
  5 orc wizards
  2 killer bee zombies
  5 mummies (Ossuary)
  A gnoll (D:8)
  15 adders
  An ooze (D:2)
  An adder skeleton (D:6)
  2 dart slugs
  6 leopard geckos
  46 orcs
  5 giant cockroaches
  4 hobgoblins
  7 jackals
  2 quokkas
  2 ball pythons (D:4)
  11 bats
  7 frilled lizards
  2 goblins
  A goblin zombie (D:5)
  A hobgoblin zombie (Ossuary)
  A jackal zombie (D:8)
  A kobold (D:1)
  2 kobold zombies (Ossuary)
  2 leopard gecko skeletons
  A leopard gecko zombie (D:6)
  An orc zombie (Ossuary)
  9 rats
182 creatures vanquished.

Vanquished Creatures (collateral kills)
  A two-headed ogre (D:8)
  A wyvern (D:8)
  A yak (D:9)
  An ice beast (D:8)
  A sky beast (D:6)
  An ogre (D:6)
  An orc warrior (D:8)
  A scorpion (D:4)
  A crimson imp (D:6)
  A jelly (D:7)
  An orc priest (D:8)
  2 iguanas
  A worker ant (D:8)
  4 orc wizards
  A howler monkey zombie (D:7)
  3 mummies (Ossuary)
  3 gnolls (D:8)
  An ooze (D:4)
  An adder zombie (D:7)
  A dart slug (D:5)
  A worm (D:4)
  12 orcs
  A giant cockroach (D:4)
  A gnoll zombie (Ossuary)
  A ball python (D:5)
  3 kobold zombies (Ossuary)
  A rat zombie (D:5)
48 creatures vanquished.

Vanquished Creatures (others)
  A centaur (D:6)
  7 hexers
  An orc (D:9)
9 creatures vanquished.

Grand Total: 239 creatures vanquished

Notes
Turn   | Place    | Note
-------+----------+-------------------------------------------
     0 | D:1      | prawnwizard the Merfolk Monk began the quest for the Orb.
     0 | D:1      | Reached XP level 1. HP: 18/18 MP: 1/1
    66 | D:1      | Reached XP level 2. HP: 10/24 MP: 2/2
   366 | D:1      | Reached skill level 5 in Polearms
   586 | D:1      | Reached XP level 3. HP: 29/29 MP: 3/3
  1596 | D:2      | Reached XP level 4. HP: 32/37 MP: 4/4
  1669 | D:3      | Reached skill level 6 in Polearms
  1756 | D:3      | Found a shattered altar of Ashenzari.
  1786 | D:3      | Found a hide-covered altar of Uskayaw.
  1789 | D:3      | Noticed a dagger
  1790 | D:3      | Noticed a dagger
  2654 | D:4      | Found a blossoming altar of Fedhas.
  2657 | D:4      | Found a bloodstained altar of Trog.
  2660 | D:4      | Found a hazy altar of Hepliaklqana.
  2664 | D:4      | Became a worshipper of Hepliaklqana the Forgotten
  2664 | D:4      | Reached * piety under Hepliaklqana
  2664 | D:4      | Reached ** piety under Hepliaklqana
  2665 | D:4      | Remembered your ancestor Marduk-asir as a hexer
  2671 | D:4      | Found a shadowy altar of Dithmenos.
  2681 | D:4      | Reached skill level 5 in Dodging
  2720 | D:4      | Reached XP level 5. HP: 32/37 MP: 5/5
  2935 | D:4      | Reached skill level 7 in Polearms
  3481 | D:4      | Reached XP level 6. HP: 44/44 MP: 6/6
  4282 | D:5      | Entered Level 5 of the Dungeon
  4304 | D:5      | Got a faintly glowing helmet
  4319 | D:5      | Reached skill level 8 in Polearms
  4368 | D:5      | Identified the +2 helmet "Keluot" {-Tele rElec rPois} (You found it on level 5 of the Dungeon)
  4376 | D:5      | Found a staircase to the Ecumenical Temple.
  4500 | D:5      | Found a runed door.
  4539 | D:5      | Noticed Marrow's ghost (novice DsFE)
  4723 | D:5      | Found a sand-covered staircase.
  4732 | Ossuary  | Entered an ossuary
  4745 | Ossuary  | Reached skill level 5 in Fighting
  4776 | Ossuary  | Reached XP level 7. HP: 50/50 MP: 7/7
  5293 | D:5      | Reached skill level 9 in Polearms
  5314 | D:5      | Reached *** piety under Hepliaklqana
  5342 | D:5      | Found a glowing golden altar of the Shining One.
  5644 | Temple   | Entered the Ecumenical Temple
  5834 | D:6      | Reached XP level 8. HP: 37/57 MP: 8/8
  5976 | D:6      | Reached skill level 10 in Polearms
  6076 | D:6      | Found a transporter.
  6078 | D:6      | Noticed badtown's ghost (novice TrWz)
  6098 | D:6      | Found a transporter.
  6411 | D:6      | Reached **** piety under Hepliaklqana
  6829 | D:7      | Reached skill level 11 in Polearms
  7657 | D:7      | Noticed a yak
  7657 | D:7      | Noticed a yak
  7657 | D:7      | Noticed Joseph
  7700 | D:6      | Reached XP level 9. HP: 39/63 MP: 9/9
  7910 | D:7      | Reached skill level 12 in Polearms
  8335 | D:7      | Reached skill level 13 in Polearms
  8438 | D:7      | Killed Joseph
  8616 | D:7      | Found a basalt altar of Yredelemnul.
  8742 | D:8      | Noticed a two-headed ogre
  9111 | D:8      | Found a roughly hewn altar of Beogh.
  9122 | D:8      | Reached XP level 10. HP: 72/72 MP: 10/10
  9176 | D:8      | Reached skill level 14 in Polearms
  9208 | D:8      | Reached skill level 10 in Dodging
  9513 | D:8      | Killed a two-headed ogre
  9794 | D:8      | Reached skill level 15 in Polearms
 10350 | D:8      | Found an iron altar of Okawaru.
 10582 | D:9      | HP: 3/74 [yak (2)]
 10583 | D:9      | Slain by a yak

Vault maps used:
D:1:      lightli_arrival_chessboard, serial_bayou_pond_a, serial_bayou_pond_e
D:3:      dancing_weapons_uskayaw, evilmike_ruin_ashenzari
D:4:      grunt_temple_overflow_cloverleaf, first_ration
D:5:      nicolae_tso_swordbearing_angel, temple_doors_e, enter_ossuary_4,
          ebering_ghost_sewer_d
D:6:      gammafunk_ghost_stat_death
D:7:      kennysheep_mini_moat, grunt_livestock, uniq_joseph
D:8:      lemuel_coloured_pillars_altar, special_room
D:9:      doesnt_xom_only_xom, minmay_lair_entry_grove, grunt_decor_resistance,
          david_defended_altar_elf
Temple:   dshaligram_water_room_temple
Ossuary:  ossuary_tomb_3

Skill      XL: |  1  2  3  4  5  6  7  8  9 10 |
---------------+-------------------------------+-----
Polearms       | 5 6 7 8 9 11 13 15 | 15.4
Fighting       | 4 5 6 8 9 |  9.3
Dodging        | 5 6 7 8 9 10 | 10.9
Stealth        | |  2.1

Action                   |  1- 3 |  4- 6 |  7- 9 | 10-12 || total
-------------------------+-------+-------+-------+-------++-------
Melee: Spear             |   141 |   337 |   581 |   261 ||  1320
Invok: Ancestor Life: He |       |     1 |       |       ||     1
       Recall Ancestor   |       |       |     1 |       ||     1
  Use: Scroll            |       |       |     4 |       ||     4
       Potion            |       |       |     2 |     1 ||     3
 Stab: Sleeping          |     5 |     3 |     5 |       ||    13
       Confused          |       |     1 |     6 |     5 ||    12
       Distracted        |       |       |     5 |     2 ||     7
  Eat: Chunk             |     2 |     9 |     6 |     4 ||    21
       Ration            |       |       |     3 |       ||     3
Armor: Robe              |     6 |       |       |       ||     6
       Ring mail         |    26 |    62 |    52 |    38 ||   178
Dodge: Dodged            |    82 |   151 |   139 |    92 ||   464
Block: Other             |     3 |    33 |    37 |    22 ||    95
       Reflection        |       |     1 |     4 |     3 ||     8

Table legend:
 A = Spawn XP
 B = Non-spawn XP
 C = Spawn XP percentage of total XP
 D = Spawn monster count
 E = Non-spawn monster count
 F = Spawn count percentage of total count
 G = Total turns spent on level
                    A         B        C        D         E        F      G
               +---------+---------+-------+---------+---------+-------+---------
         Total |       0 |    8065 |   0.0 |       0 |     232 |   0.0 | 10583
               +---------+---------+-------+---------+---------+-------+---------
           D:1 |       0 |      40 |   0.0 |       0 |      24 |   0.0 |   780
           D:2 |       0 |      59 |   0.0 |       0 |      13 |   0.0 |  1111
           D:3 |       0 |      51 |   0.0 |       0 |      19 |   0.0 |   724
           D:4 |       0 |     292 |   0.0 |       0 |      25 |   0.0 |  1667
           D:5 |       0 |     375 |   0.0 |       0 |      14 |   0.0 |   890
           D:6 |       0 |    1027 |   0.0 |       0 |      20 |   0.0 |  1522
           D:7 |       0 |    2278 |   0.0 |       0 |      30 |   0.0 |  1565
           D:8 |       0 |    3169 |   0.0 |       0 |      60 |   0.0 |  1571
           D:9 |       0 |     625 |   0.0 |       0 |      11 |   0.0 |   150
       Ossuary |       0 |     149 |   0.0 |       0 |      16 |   0.0 |   507
               +---------+---------+-------+---------+---------+-------+---------
